 Dungeon Crawl Stone Soup version 0.21-a0-215-g0631661 (webtiles) character file.

22963 namelastname112 the Unseen (level 12, -27/89 HPs)
             Began as a Vampire Enchanter on Aug 22, 2017.
             Was an Initiate of Gozag.
             Annihilated by Rupert
             ... wielding a +2 battleaxe of flaming
              (33 damage)
             ... on level 13 of the Dungeon.
             The game lasted 00:33:19 (15863 turns).

namelastname112 the Unseen (Vampire Enchanter)     Turns: 15863, Time: 00:33:20

Health: -27/89     AC:  6    Str:  7    XL:     12   Next: 67%
Magic:  26/31      EV: 19    Int: 19    God:    Gozag
Gold:   1930       SH:  0    Dex: 18    Spells: 13/24 levels left

rFire    . . .     SeeInvis +   j - +3 dagger (drain)
rCold    + + .     Gourm    .   (no shield)
rNeg     + + +     Faith    .   b - +0 robe
rPois    ∞         Spirit   .   t - +1 helmet
rElec    .         Reflect  .   (no cloak)
rCorr    .         Harm     .   a - +0 pair of gloves
MR       +....                  G - +0 pair of boots {run}
Stlth    +++++++++.             (no amulet)
HPRegen  0.00/turn              v - ring of magical power
MPRegen  0.22/turn              k - ring of stealth

@: bloodless, non-regenerating, quick
A: fangs 3, see invisible, unbreathing
a: Bat Form, Potion Petition, Call Merchant, Bribe Branch, Renounce Religion


You were on level 13 of the Dungeon.
You worshipped Gozag.
Gozag was most pleased with you.
You were bloodless.

You visited 2 branches of the dungeon, and saw 14 of its levels.

You collected 2809 gold pieces.
You spent 800 gold pieces at shops.
You paid 79 gold pieces to Gozag.

Inventory:

Hand Weapons
 j - a +3 dagger of draining (weapon)
 E - a +1 dagger of chaos
Armour
 a - a +0 pair of gloves (worn)
 b - a +0 robe (worn)
 t - a +1 helmet (worn)
 G - a +0 pair of boots of running (worn)
Jewellery
 i - an uncursed ring of protection from cold
 k - a ring of stealth (right hand)
 q - a +2 ring of intelligence
 v - a ring of magical power (left hand)
 S - the ring "Deghil" {Fire Int+4 SInv}
   (You found it on level 13 of the Dungeon)

   [ring of fire]

   It enhances your fire magic.
   It affects your intelligence (+4).
   It protects you from fire.
   It makes you vulnerable to cold.
   It lets you see invisible.
Wands
 d - a wand of confusion (15/48)
 g - a wand of polymorph (6/24)
 x - a wand of acid (0/15)
 H - a wand of confusion (37/48)
 L - a wand of acid (7/15)
 N - a wand of confusion (14/48)
 O - a wand of digging (18/24)
 R - a wand of paralysis (11/24)
 U - a wand of lightning (2/15)
Scrolls
 h - 5 scrolls of teleportation
 o - a scroll of recharging
 r - 5 scrolls of remove curse
 u - a scroll of magic mapping
 w - 5 scrolls of enchant armour
 y - 2 scrolls of fog
 B - 3 scrolls of identify
 I - 5 scrolls of amnesia
 J - a scroll of enchant weapon
 M - 2 scrolls of fear
 P - a scroll of brand weapon
Potions
 e - 2 potions of resistance
 f - 9 potions of curing
 l - 11 potions of heal wounds
 m - 2 potions of invisibility
 n - 2 potions of ambrosia
 s - a potion of might
 z - 6 potions of brilliance
 A - 4 potions of flight
 C - 2 potions of mutation
 D - a potion of agility
 K - a potion of haste
 T - 2 potions of cancellation {unknown}
Books
 c - a book of Maledictions

   Spells                             Type                      Level
   a - Corona                         Hexes                        1
   b - Ensorcelled Hibernation        Hexes/Ice                    2
   c - Confuse                        Hexes                        3
   d - Tukima's Dance                 Hexes                        3
   e - Dazzling Spray                 Conjuration/Hexes            3
 p - a book of Changes

   Spells                             Type                      Level
   a - Beastly Appendage              Transmutation                1
   b - Sticks to Snakes               Transmutation                2
   c - Spider Form                    Transmutation/Poison         3
   d - Ice Form                       Ice/Transmutation            4
   e - Blade Hands                    Transmutation                5
 F - a book of Cantrips

   Spells                             Type                      Level
   a - Confusing Touch                Hexes                        1
   b - Animate Skeleton               Necromancy                   1
   c - Summon Small Mammal            Summoning                    1
   d - Apportation                    Translocation                1
 Q - the Catalogue of the Supportive Traveller
   (You found it on level 13 of the Dungeon)

   Spells                             Type                      Level
   a - Summon Ice Beast               Ice/Summoning                4
   b - Summon Lightning Spire         Summoning/Air                4
   c - Summon Demon                   Summoning                    5
   d - Malign Gateway                 Summoning/Translocation      7


   Skills:
 + Level 6.6 Fighting
 * Level 11.9 Short Blades
 + Level 8.6 Dodging
 * Level 16.6 Stealth
 + Level 6.8 Spellcasting
 + Level 11.6 Hexes


You had 13 spell levels left.
You knew the following spells:

 Your Spells              Type           Power        Failure   Level  Hunger
c - Dazzling Spray        Conj/Hex       ####..       2%          3    #......
d - Tukima's Dance        Hex            ######..     1%          3    #......
x - Confuse               Hex            ######..     1%          3    #......
z - Ensorcelled Hibernat  Hex/Ice        ####..       1%          2    None


Dungeon Overview and Level Annotations

Branches:
Dungeon (13/15)            Temple (1/1) D:5            Lair (0/6) D:10
    Orc (0/2) D:12
 Vaults: D:13-14

Altars:
Ashenzari
Cheibriados
Dithmenos
Elyvilon
Fedhas
Gozag
Hepliaklqana
Kikubaaqudgha
Makhleb
Nemelex Xobeh
Okawaru
Qazlal
Ru
Sif Muna
Trog
Uskayaw
Vehumet
Wu Jian
Xom
Yredelemnul
Zin
The Shining One

Shops:
D:8 }[(!   D:12 !

Annotations:
D:8 dig here
D:13 Rupert


Innate Abilities, Weirdness & Mutations

You do not heal naturally.
You are immune to poison.
You have razor-sharp teeth.
You have supernaturally acute eyesight. (SInv)
You can survive without breathing.


Message History

Unknown command.
Unknown command.
Okay, then.
Unknown command.
Evoke which item? (* to show all) (? for menu, Esc to quit)
Okay, then.
Okay, then.
Evoke which item? (* to show all) (? for menu, Esc to quit)
Okay, then.
Evoke which item? (* to show all) (? for menu, Esc to quit)
Aiming: Lightning Bolt (will waste charges)
Press: ? - help, Shift-Dir - straight line, f/p - Rupert
Aim: Rupert, wielding a battleaxe of flaming and wearing a leather armour (almost dead, berserk, fast, unusually strong, covered in acid, lightly drained)
You hear a mighty clap of thunder!
The bolt of lightning hits Rupert.
Rupert is almost dead.
Evoking this partially-identified wand wasted a few charges.
Rupert hits you with a battleaxe of flaming!!
You die...
Your body crumbles into a pile of gold.

##.#####...# #.# #.# ##.##
##########.# #.# #.#
#..........## #.# #.#
#.#.######...
#.######.###########.#.# #...
#....................#.######.##
########.#######..#...........#
#.............#.########
#.......@@..###.# #########.###
..# #.# ### #.# #.# .. ### ##
#.. #.# #.#


You could see Rupert (berserk).

Vanquished Creatures
  3 centaur warriors
  3 two-headed ogres
  The ghost of Nattefrost the Basher, a novice HOWn of Jiyva (D:10)
  Urug (D:10)
  Nergalle (D:10)
  3 unseen horrors
  Pikel (D:6)
  An orc knight (D:10)
  2 ugly things
  A cyclops (D:12)
  A manticore (D:12)
  2 centaur zombies (D:12)
  Psyche (D:8)
  A kobold demonologist (D:12)
  A troll (D:12)
  Grinder (D:6)
  3 meliai (D:13)
  Prince Ribbit (D:6)
  3 hornets
  4 slime creatures (D:9)
  A dancing weapon (D:6)
  A yak (D:12)
  A vampire (D:12)
  A basilisk (D:12)
  A hungry ghost (D:13)
  An acid dragon (D:12)
  2 soldier ants (D:8)
  10 orc warriors
  3 ice beasts
  A porcupine (D:10)
  7 sky beasts
  An eye of draining (D:10)
  2 slaves (D:6)
  A necrophage (D:5)
  3 ogres
  2 phantoms
  12 centaurs
  A crocodile (D:10)
  The ghost of Duffy the Chopper, an amateur GrGl (D:3)
  A gnoll sergeant (D:6)
  6 bullfrogs
  2 wyvern skeletons
  3 scorpions
  15 killer bees
  11 wights
  6 crimson imps
  3 howler monkeys
  5 jellies
  3 quasits
  A bullfrog zombie (D:11)
  6 hounds
  An iron imp (D:9)
  9 orc priests
  A bullfrog skeleton (D:8)
  16 orc wizards
  A centaur skeleton (D:5)
  Natasha (thrice) (D:4)
  3 iguanas
  15 worker ants
  A hound skeleton (D:6)
  A howler monkey zombie (D:5)
  11 gnolls
  18 adders
  8 oozes
  An adder zombie (D:6)
  3 worms
  A dart slug (D:1)
  6 leopard geckos
  60 orcs
  5 giant cockroaches
  8 hobgoblins
  11 jackals
  10 kobolds
  4 quokkas
  4 bats
  2 frilled lizards
  12 goblins
  3 goblin skeletons (D:9)
  2 hobgoblin zombies (D:9)
  A kobold skeleton (D:9)
  A leopard gecko skeleton (D:4)
  A leopard gecko zombie (D:6)
  2 orc zombies (D:9)
  A quokka skeleton (D:5)
  11 rats
386 creatures vanquished.

Vanquished Creatures (collateral kills)
  A two-headed ogre (D:4)
  An ogre (D:5)
  5 wights (D:6)
  An orc priest (D:10)
  An orc wizard (D:10)
9 creatures vanquished.

Vanquished Creatures (others)
  3 dancing weapons
  4 fungi
  3 plants (D:10)
  8 toadstools (D:2)
18 creatures vanquished.

Grand Total: 413 creatures vanquished

Notes
Turn   | Place    | Note
-------+----------+-------------------------------------------
     0 | D:1      | namelastname112 the Vampire Enchanter began the quest for the Orb.
     0 | D:1      | Reached XP level 1. HP: 13/13 MP: 3/3
    11 | D:1      | epen: кому кроме спригана и мумий не нужна еда?
   116 | D:1      | namelastname112: лол
   116 | D:1      | namelastname112: спригганам нужна
   116 | D:1      | namelastname112: пиздец каа
   116 | D:1      | namelastname112: к
   116 | D:1      | epen: ну бля
   116 | D:1      | epen: МЯСО
   116 | D:1      | namelastname112: или ты про трупы типа?
   116 | D:1      | namelastname112: никому вроде
   350 | D:1      | Reached XP level 2. HP: 11/19 MP: 3/5
   478 | D:1      | Learned a level 2 spell: Ensorcelled Hibernation
   533 | D:1      | Reached skill level 5 in Stealth
  1018 | D:1      | Reached XP level 3. HP: 25/25 MP: 3/6
  1598 | D:2      | Reached XP level 4. HP: 29/31 MP: 7/7
  1708 | D:2      | Reached skill level 5 in Hexes
  1753 | D:2      | Reached skill level 6 in Stealth
  1764 | D:2      | Reached XP level 5. HP: 24/36 MP: 8/8
  1973 | D:2      | Learned a level 3 spell: Confuse
  1977 | D:2      | Learned a level 3 spell: Tukima's Dance
  1984 | D:2      | Reached skill level 1 in Fighting
  2346 | D:2      | Reached XP level 6. HP: 23/43 MP: 7/10
  2746 | D:3      | Noticed Duffy's ghost (amateur GrGl)
  3856 | D:3      | Found a shadowy altar of Dithmenos.
  3902 | D:3      | Killed Duffy's ghost
  3902 | D:3      | Reached skill level 7 in Stealth
  4340 | D:4      | Found a snail-covered altar of Cheibriados.
  4350 | D:4      | Noticed Natasha
  4353 | D:4      | Killed Natasha
  4427 | D:4      | Reached XP level 7. HP: 49/49 MP: 11/11
  4451 | D:4      | Noticed Natasha
  4468 | D:4      | Killed Natasha
  4561 | D:4      | Noticed a two-headed ogre
  4576 | D:4      | Noticed Natasha
  4595 | D:4      | Killed Natasha
  4695 | D:4      | Killed a two-headed ogre
  4695 | D:4      | Reached skill level 5 in Short Blades
  4695 | D:4      | Reached skill level 8 in Stealth
  4695 | D:4      | Reached XP level 8. HP: 50/57 MP: 6/13
  4989 | D:4      | Found a deep blue altar of Sif Muna.
  5091 | D:4      | Reached skill level 9 in Stealth
  5238 | D:4      | Identified Sif Muna's Disquisition on the Escort
  5320 | D:5      | Entered Level 5 of the Dungeon
  5520 | D:5      | Found a staircase to the Ecumenical Temple.
  5594 | Temple   | Entered the Ecumenical Temple
  6281 | D:5      | Found a sparkling altar of Nemelex Xobeh.
  6281 | D:5      | Found an opulent altar of Gozag.
  6301 | D:5      | Became a worshipper of Gozag Ym Sagoz the Greedy
  6533 | D:5      | Found an iron altar of Okawaru.
  6556 | D:6      | Noticed Prince Ribbit
  6587 | D:6      | Reached skill level 10 in Stealth
  6952 | D:6      | Reached XP level 9. HP: 56/63 MP: 8/14
  7109 | D:6      | epen: Слыш
  7111 | D:6      | epen: Парень
  7122 | D:6      | epen: Поясни за пакеласа
  7227 | D:6      | epen: кроме палок
  7227 | D:6      | namelastname112: его выпилили
  7227 | D:6      | epen: блять
  7235 | D:6      | epen: да ладно?
  7242 | D:6      | namelastname112: ну ты его видишь?
  7242 | D:6      | epen: ну я тут и живы не вижу
  7242 | D:6      | epen: а за что?
  7242 | D:6      | namelastname112: слишком оп
  7272 | D:6      | epen: бля
  7277 | D:6      | epen: я бы так не сказал
  7466 | D:6      | Noticed Grinder
  7469 | D:6      | Found a shattered altar of Ashenzari.
  7594 | D:6      | Killed Prince Ribbit
  7706 | D:6      | Reached skill level 11 in Stealth
  7726 | D:6      | namelastname112: нк
  7726 | D:6      | namelastname112: ты и диск не юзал поди ни разу
  7960 | D:6      | epen: не
  7964 | D:6      | epen: диск юзал
  8009 | D:6      | epen: в зиге
  8192 | D:6      | epen: слыш
  8197 | D:6      | epen: стоит качать шорт блейды
  8204 | D:6      | Killed Grinder
  8204 | D:6      | Reached skill level 5 in Dodging
  8205 | D:6      | epen: за AE?
  8217 | D:6      | namelastname112: блять
  8217 | D:6      | namelastname112: зачем
  8219 | D:6      | Noticed Pikel
  8222 | D:6      | epen: ну типа
  8231 | D:6      | epen: ты ими пиздишься
  8231 | D:6      | epen: когда магии нет
  8279 | D:6      | Killed Pikel
  8279 | D:6      | Reached skill level 12 in Stealth
  8297 | D:6      | namelastname112: блять
  8297 | D:6      | namelastname112: файтинг качай просто
  8297 | D:6      | namelastname112: ебанутый
  8733 | D:7      | Reached XP level 10. HP: 71/71 MP: 17/17
  9622 | D:7      | epen: идти к сиф муне
  9639 | D:7      | Found a burning altar of Makhleb.
  9640 | D:7      | Found a shimmering altar of Xom.
  9646 | D:7      | epen: или веха дождаться?
  9648 | D:7      | namelastname112: веха
  9838 | D:8      | Noticed a two-headed ogre
  9958 | D:8      | Noticed a two-headed ogre
  9969 | D:8      | Killed a two-headed ogre
  9969 | D:8      | Reached skill level 13 in Stealth
  9969 | D:8      | Reached skill level 5 in Spellcasting
 10015 | D:8      | Found a blossoming altar of Fedhas.
 10076 | D:8      | Found Siroladd's Armour Shop.
 10100 | D:8      | Found Xihol's Gadget Boutique.
 10106 | D:8      | epen: Сука
 10115 | D:8      | epen: наставил своих призраков блять
 10115 | D:8      | Bought a +0 pair of boots of running for 315 gold pieces
 10155 | D:8      | Found a hide-covered altar of Uskayaw.
 10155 | D:8      | Noticed a brown ugly thing
 10161 | D:8      | Noticed Psyche
 10163 | D:8      | Killed a brown ugly thing
 10170 | D:8      | epen: Дракониан блять
 10170 | D:8      | Killed Psyche
 10264 | D:8      | Found Maloynist's Distillery.
 10271 | D:8      | Bought 2 potions of heal wounds for 110 gold pieces
 10330 | D:8      | Killed a two-headed ogre
 10330 | D:8      | Reached skill level 5 in Fighting
 10376 | D:8      | Found Lymamy's Weapon Emporium.
 10426 | D:8      | Reached XP level 11. HP: 69/79 MP: 19/19
 10475 | D:8      | Reached skill level 10 in Hexes
 10613 | D:8      | Found a blossoming altar of Fedhas.
 10897 | D:9      | Found a glowing golden altar of the Shining One.
 10929 | D:9      | Reached skill level 14 in Stealth
 11102 | D:9      | Noticed a two-headed ogre
 11119 | D:9      | Killed a two-headed ogre
 11230 | D:9      | Found an ornate altar of the Wu Jian Council.
 11479 | D:9      | Reached skill level 10 in Short Blades
 11623 | D:9      | Found a sparkling altar of Nemelex Xobeh.
 11771 | D:10     | Entered Level 10 of the Dungeon
 11810 | D:10     | Noticed Nergalle
 11825 | D:10     | Killed Nergalle
 11906 | D:10     | Noticed Nattefrost's ghost (novice HOWn)
 11908 | D:10     | Noticed Urug
 11915 | D:10     | Killed Urug
 11933 | D:10     | Killed Nattefrost's ghost
 12000 | D:10     | Reached skill level 15 in Stealth
 12157 | D:10     | Found a shimmering altar of Xom.
 12431 | D:10     | Found a staircase to the Lair.
 12455 | D:10     | Noticed an orc knight
 12529 | D:10     | Killed an orc knight
 12630 | D:10     | epen: сука
 12645 | D:10     | epen: убил блять
 12675 | D:10     | namelastname112: кто
 12733 | D:10     | epen: не кто
 12736 | D:10     | epen: а кого
 12737 | D:10     | epen: тебя
 12826 | D:10     | namelastname112: лол
 12826 | D:10     | namelastname112: молодец
 13666 | D:12     | Found a staircase to the Orcish Mines.
 13695 | D:12     | Noticed an unseen horror
 13699 | D:12     | Killed an unseen horror
 13710 | D:12     | Noticed a centaur warrior
 13973 | D:12     | Reached XP level 12. HP: 15/88 MP: 21/21
 14148 | D:12     | Killed a centaur warrior
 14429 | D:12     | Found Jacuazew's Distillery.
 14441 | D:12     | Bought 2 potions of heal wounds for 150 gold pieces
 14441 | D:12     | Bought a potion of heal wounds for 75 gold pieces
 14441 | D:12     | Bought 2 potions of heal wounds for 150 gold pieces
 14521 | D:12     | Reached skill level 16 in Stealth
 14739 | D:13     | Noticed a centaur warrior
 14984 | D:13     | Noticed Rupert
 15004 | D:13     | Learned a level 3 spell: Dazzling Spray
 15022 | D:13     | Paralysed by Rupert for 3 turns
 15107 | D:13     | Identified the Catalogue of the Supportive Traveller
 15171 | D:13     | Got a serpentine tin ring
 15199 | D:13     | Identified the ring "Deghil" {Fire Int+4 SInv} (You found it on level 13 of the Dungeon)
 15281 | D:13     | Noticed a centaur warrior
 15286 | D:13     | Killed a centaur warrior
 15372 | D:13     | Killed a centaur warrior
 15846 | D:13     | Paralysed by Rupert for 2 turns
 15863 | D:13     | epen: лол
 15863 | D:13     | epen: остановись
 15863 | D:13     | epen: не жадничай
 15863 | D:13     | namelastname112: уже похдно
 15863 | D:13     | epen: блинк?
 15863 | D:13     | namelastname112: решающий ход
 15863 | D:13     | namelastname112: нету
 15863 | D:13     | epen: хммм
 15863 | D:13     | Annihilated by Rupert

Vault maps used:
D:1:      minmay_arrival_four_circles
D:2:      cheibrodos_fertilizer
D:3:      lemuel_doored_altar
D:4:      cheibriados_altar_1, first_bread, led_sif_book, uniq_natasha
D:5:      grunt_temple_overflow_opulence, kennysheep_mini,
          minmay_temple_entry_hall, hangedman_abyss_or_decor_stagger
D:6:      cheibrodos_ashenzari_chains, uniq_grinder, uniq_prince_ribbit1,
          uniq_pikel
D:7:      grunt_temple_overflow_champion_of_chaos
D:8:      fedhas_altar_1, serial_shops, shop_fountains, shop,
          nicolae_shop_waterfront, shop, hangedman_pestilent_swarm,
          minmay_misc_feat_rugged, hangedman_feature_mirror,
          due_unseen_surprise, uniq_psyche
D:9:      overflow_temple_1_default, nicolae_tso_besieged_by_evil,
          nemelex_diamond_rough_becter
D:10:     grunt_lair_entry_orc_guard_hut, xom_teletrap_fun, uniq_nergalle,
          uniq_urug
D:12:     hangedman_cross_stitches, orc_0_dummy, serial_shops, shop
D:13:     uniq_rupert
Temple:   compressed_dpeg_circular_temple

Skill      XL: |  1  2  3  4  5  6  7  8  9 10 11 12 |
---------------+-------------------------------------+-----
Stealth        | 5 6 7 8 10 12 13 15 16 | 16.6
Short Blades   | 2 3 4 5 6 8 9 10 11 | 11.9
Hexes          | 5 6 7 8 9 10 11 | 11.6
Fighting       | 1 2 3 4 5 6 |  6.6
Dodging        | 3 4 5 6 7 8 |  8.6
Spellcasting   | 3 4 5 6 |  6.8

Action                   |  1- 3 |  4- 6 |  7- 9 | 10-12 || total
-------------------------+-------+-------+-------+-------++-------
Melee: Dagger            |   102 |   150 |   251 |   525 ||  1028
       Bite              |     9 |     8 |    19 |    40 ||    76
 Cast: Corona            |     4 |       |       |       ||     4
       Ensorcelled Hiber |     6 |    16 |    74 |   132 ||   228
       Confuse           |       |     8 |    37 |    43 ||    88
       Tukima's Dance    |       |       |    15 |    17 ||    32
       Dazzling Spray    |       |       |       |     7 ||     7
 Abil: End Transformatio |       |     2 |     1 |       ||     3
       Bat Form          |       |     2 |     1 |       ||     3
Evoke: Wand              |       |       |       |     7 ||     7
  Use: Scroll            |       |     5 |    15 |    11 ||    31
       Potion            |       |     3 |     2 |       ||     5
 Stab: Sleeping          |    15 |    31 |    53 |   129 ||   228
       Confused          |       |     4 |    10 |    26 ||    40
       Distracted        |       |     1 |     2 |     1 ||     4
       Invisible         |       |       |       |     1 ||     1
Armor: Robe              |    10 |    13 |    41 |    65 ||   129
Dodge: Dodged            |    68 |    61 |   163 |   254 ||   546

Table legend:
 A = Spawn XP
 B = Non-spawn XP
 C = Spawn XP percentage of total XP
 D = Spawn monster count
 E = Non-spawn monster count
 F = Spawn count percentage of total count
 G = Total turns spent on level
                    A         B        C        D         E        F      G
               +---------+---------+-------+---------+---------+-------+---------
         Total |    3430 |   29375 |  10.5 |      44 |     348 |  11.2 | 15863
               +---------+---------+-------+---------+---------+-------+---------
           D:1 |      20 |      32 |  38.5 |       4 |      18 |  18.2 |  1272
           D:2 |      22 |     325 |   6.3 |       6 |      37 |  14.0 |  2230
           D:3 |       4 |     273 |   1.4 |       2 |      22 |   8.3 |   827
           D:4 |     736 |     372 |  66.4 |       1 |      15 |   6.2 |   991
           D:5 |      50 |     766 |   6.1 |       2 |      22 |   8.3 |  1144
           D:6 |     193 |    2539 |   7.1 |       7 |      53 |  11.7 |  2146
           D:7 |       2 |    1289 |   0.2 |       1 |      24 |   4.0 |  1117
           D:8 |     181 |    5175 |   3.4 |       3 |      40 |   7.0 |  1079
           D:9 |     113 |    2199 |   4.9 |       2 |      24 |   7.7 |   876
          D:10 |    1246 |    4514 |  21.6 |       8 |      38 |  17.4 |  1064
          D:11 |      51 |     214 |  19.2 |       1 |       7 |  12.5 |  1023
          D:12 |     325 |    6082 |   5.1 |       2 |      25 |   7.4 |   840
          D:13 |     487 |    5595 |   8.0 |       5 |      23 |  17.9 |  1165
               +---------+---------+-------+---------+---------+-------+---------
